[Event "FRA-ch Teams Top 16-A 2022"]
[Site "Chartres"]
[Date "2022.06.15"]
[Round "7.25"]
[White "Alonso Rosell, Alvar"]
[Black "Van Foreest, Lucas"]
[Result "1/2-1/2"]
[ECO "E04"]
[WhiteElo "2557"]
[BlackElo "2572"]
[Annotator "TA"]
[PlyCount "40"]
[EventDate "2022.06.09"]
[EventType "team-tourn"]
[EventCountry "FRA"]
[SourceTitle "playchess.com"]
[Source "ChessBase"]
[SourceQuality "1"]
[TimeControl "40/5400+30:1800+30"]

1. d4 d5 2. c4 e6 3. Nf3 Nf6 4. g3 dxc4 5. Bg2 Bb4+ 6. Bd2 a5 7. a3 {[%emt 0:00:48] E04: Open Catalan: 5 Nf3.} Bxd2+ 8. Nbxd2 b5 $1 9. b3 $1 cxb3 10. Qxb3 c6 11. O-O {[%emt 0:00:25][%mdl 1024] White has compensation.} O-O 12. Rfc1 Bb7 13. Qb2 Nbd7 14. Ne1 {[%emt 0:00:16] [#]} Rb8 $146 ({Predecessor:} 14... Qb6 15. Nd3 Rfc8 16. Nb3 Rab8 17. e3 Nd5 18. h3 h6 19. Rc2 Ba6 20. Nbc5 Nxc5 21. Nxc5 {1-0 (47) Kuzubov,Y (2643)-Matlakov,M (2685) Chess.com INT 2020}) 15. Nd3 Qb6 16. Nb3 Rfd8 17. Rc2 Ne8 18. Rac1 Nd6 19. Nd2 {[%emt 0:19:25] Prevents Nc4.} (19. Nbc5 $5 ) 19... Ba8 20. e3 ({Not} 20. Bxc6 $2 Nc4 21. Qxb5 Qxb5 $19) 20... Qa6 {[%emt 0:02:27] Weighted Error Value: White=0.06 (flawless) /Black=0.05 (flawless)} ({Don't take} 20... Nc4 21. Nxc4 bxc4 22. Qxb6 Rxb6 23. Rxc4 $14) 1/2-1/2

[Event "FRA-ch Teams Top 16-A 2022"]
[Site "Chartres"]
[Date "2022.06.15"]
[Round "7.26"]
[White "Piorun, Kacper"]
[Black "Song, Julien"]
[Result "1-0"]
[ECO "C78"]
[WhiteElo "2635"]
[BlackElo "2388"]
[Annotator "TA"]
[PlyCount "63"]
[EventDate "2022.06.09"]
[EventType "team-tourn"]
[EventCountry "FRA"]
[SourceTitle "playchess.com"]
[Source "ChessBase"]
[SourceQuality "1"]
[TimeControl "40/5400+30:1800+30"]

1. e4 e5 2. Nf3 Nc6 3. Bb5 a6 4. Ba4 Nf6 5. O-O Bc5 6. c3 b5 7. Bb3 d6 8. a4 Bb7 9. d4 Bb6 10. Re1 O-O {[%emt 0:01:39] 10...0-0 is better than 10...h6.} 11. Bg5 h6 12. Bh4 exd4 {[%emt 0:05:59] C78: Ruy Lopez: Archangelsk and Möller Defences.} 13. cxd4 g5 14. Bg3 Re8 {[%emt 0:33:47] The position is equal.} 15. Nc3 {[%emt 0:07:58] e5 is the strong threat.} b4 16. Nd5 {[%emt 0:00:13] [#]} Nxd5 $146 ({But not} 16... Nxe4 17. Nd2 Nf6 18. Rxe8+ Nxe8 19. Qh5 (19. Nxb6 cxb6 20. Nc4 Na5 $11) 19... Bxd4 20. Nb6 $1) (16... Na5 $1 $11 {keeps the balance.}) ({Predecessor:} 16... Na5 17. Nxf6+ Qxf6 18. e5 Qg7 19. Bc2 Rad8 20. exd6 cxd6 21. Rxe8+ Rxe8 22. Bxd6 b3 {½-½ (33) Sorbi,L (1931)-Douglas,M (2000) FICGS email 2014}) 17. Bxd5 $16 {[%emt 0:00:31][%cal Oa4a5] Black must now prevent a5!} Na5 18. Bxb7 Nxb7 19. Qb3 Na5 20. Qxb4 c5 21. dxc5 Bxc5 22. Qc3 {[%emt 0:00:17] Hoping for b4.} Rc8 {[%emt 0:00:59] [#]} (22... Rb8 $14) 23. Qd3 $1 $36 {[%emt 0:01:00][%mdl 2048] White is on the roll. White is more active.} Qb6 24. e5 dxe5 25. Nxe5 Bd4 26. h4 Rcd8 {[%emt 0:03:47] This move loses the game for Black.} (26... gxh4 $16 27. Re4 Bxe5 28. Bxe5 Qg6) 27. Qf3 $18 Qb3 (27... Bxe5 {was necessary.} 28. Bxe5 Qc6) 28. Qh5 $1 {[%emt 0:03:05][%csl LRg5,LRh6] White is clearly winning.} Re7 {[%emt 0:00:53] [#]} (28... Bxe5 $142 29. Bxe5 Qb6 30. hxg5 Qg6 31. Qxg6+ fxg6) 29. Ng4 $1 Rxe1+ (29... Nc6 30. Nxh6+) 30. Rxe1 Bg7 31. Nxh6+ Bxh6 32. Qxh6 {[%emt 0:00:06] Weighted Error Value: White=0.06 (flawless) /Black=0.52} 1-0

[Event "FRA-ch Teams Top 16-A 2022"]
[Site "Chartres"]
[Date "2022.06.15"]
[Round "7.27"]
[White "Ramirez Garcia, Jorge Alberto"]
[Black "Malakhov, Vladimir"]
[Result "0-1"]
[ECO "C47"]
[WhiteElo "2242"]
[BlackElo "2652"]
[Annotator "TA"]
[PlyCount "64"]
[EventDate "2022.06.09"]
[EventType "team-tourn"]
[EventCountry "FRA"]
[SourceTitle "playchess.com"]
[Source "ChessBase"]
[SourceQuality "1"]
[TimeControl "40/5400+30:1800+30"]

1. e4 e5 2. Nf3 Nc6 3. Nc3 Nf6 4. d4 exd4 5. Nxd4 Bb4 6. Nxc6 bxc6 7. Bd3 O-O 8. O-O Re8 9. Bg5 {[%emt 0:08:55] 9.Bg5 is better than 9.Qf3.} Rb8 {[%emt 0:00:24] C47: Scotch Four Knights and Four Knights with 4 g3.} 10. f4 {[%emt 0:05:37] Threatens to win with e5.} h6 {[%emt 0:05:33] [#]} 11. e5 $146 (11. Bh4 $14 Be7 12. e5) ({Predecessor:} 11. Bh4 Be7 12. Qf3 Rxb2 13. Bxf6 Bxf6 14. e5 Be7 15. Qe4 g6 16. f5 d5 17. Qf3 {½-½ (28) Tari,A (2639)-Aronian,L (2781) chess24.com INT 2021}) 11... hxg5 $17 {[%emt 0:01:30] Black is better.} 12. fxg5 {[%emt 0:00:46] [#]} Rxe5 $1 13. gxf6 d5 14. fxg7 Qg5 {[%emt 0:05:54] And now ...Bg4 would win. Dancing on a razor blade.} 15. Qf3 Qe3+ 16. Qxe3 Rxe3 17. Na4 Bd6 18. Rae1 Rxe1 19. Rxe1 Be6 20. b3 (20. Rf1 {seems wilder.} a5 21. b3 Re8 22. h3) 20... Kxg7 21. g3 c5 22. Be2 c4 23. Rd1 {[%emt 0:02:22] [#]} Rb5 $1 24. Bf3 Ra5 25. Kf2 Be5 26. Ke2 {[%emt 0:07:46] [#]} (26. Ke3 $17) 26... d4 $1 $19 27. Rc1 (27. Rf1 {was necessary.}) 27... Bf5 28. Kd1 $2 (28. c3 {keeps fighting.}) 28... c3 {[%emt 0:00:00] Hoping for ...Bf6.} 29. Be2 $2 (29. Ke2 Bf6 30. h4) 29... Bf6 {[%emt 0:00:00] Black is clearly winning.} 30. Ke1 Re5 {[%emt 0:00:00] Strongly threatening ...Bg4.} 31. Kf1 Bg5 32. Rd1 Bd2 {[%emt 0:00:00] Weighted Error Value: White=0.54/Black=0.04 (flawless)} 0-1

[Event "FRA-ch Teams Top 16-A 2022"]
[Site "Chartres"]
[Date "2022.06.15"]
[Round "7.28"]
[White "Vlachos, Anatole"]
[Black "Iglesias, Yosha"]
[Result "1-0"]
[ECO "C42"]
[WhiteElo "2410"]
[BlackElo "2202"]
[Annotator "TA"]
[PlyCount "111"]
[EventDate "2022.06.09"]
[EventType "team-tourn"]
[EventCountry "FRA"]
[SourceTitle "playchess.com"]
[Source "ChessBase"]
[SourceQuality "1"]
[TimeControl "40/5400+30:1800+30"]

1. e4 e5 2. Nf3 Nf6 3. Nxe5 Nxe4 4. Qe2 Qe7 5. Qxe4 d6 6. d4 dxe5 7. dxe5 Nc6 {[%emt 0:00:06] C42: Petroff Defence: 3 Nxe5 and unusual White 3rd moves.} 8. Nc3 $1 {[%emt 0:00:12][%mdl 4] is now more promising than 8.Bb5.} Qxe5 9. Qxe5+ Nxe5 {[%emt 0:00:06] White is slightly better.} 10. Bf4 Bd6 11. Bg3 h5 12. O-O-O {[%emt 0:07:22] [#]} f6 $146 ({Predecessor:} 12... Be6 13. Bb5+ Kf8 14. Rhe1 Nc4 15. Bxc4 Bxg3 16. Bxe6 Bf4+ 17. Kb1 fxe6 18. g3 Bd6 19. Rxe6 {1-0 (39) Bedic,N (1535)-Desnica,L (1663) Split 2021}) 13. Nb5 h4 14. Nxd6+ cxd6 15. Bf4 Ke7 16. h3 Bf5 17. Be2 Rhc8 18. Rd2 g5 19. Bh2 Rc6 20. Kb1 Rac8 21. Rc1 (21. Bd1 {is more complex.} Nc4 22. Re1+ Kf7 23. Rd5) 21... d5 22. Bb5 Rc5 23. Ba4 Kf7 24. b4 (24. Bxe5 $11 fxe5 25. b4) 24... Rc4 $15 25. Bb3 Rxb4 26. Rxd5 {[%emt 0:00:22] Threatens to win with Rb5+.} Be6 27. Rd6 ({White should play} 27. Rdd1 $15) 27... Bxb3 (27... Nc4 $17 28. Rd3 a5) 28. axb3 $11 Re4 29. Rd2 Nc6 30. f3 Re6 31. f4 Rce8 32. fxg5 fxg5 33. Rf1+ Kg6 34. Rff2 Rf6 35. Rxf6+ Kxf6 {[%emt 0:00:05][%mdl 4096] Endgame KRB-KRN} 36. Bd6 Re1+ 37. Kb2 Ne5 38. Bb4 Re4 39. Bc3 Ke6 40. Rf2 g4 41. hxg4 Rxg4 42. Re2 Rg5 43. Re4 Kd5 44. Rd4+ Kc6 (44... Ke6 $11) 45. Rxh4 $16 Ng6 46. Rc4+ Kd5 {[%emt 0:05:19] [#]} (46... Kd7 $142) 47. g4 $1 {[%emt 0:00:00][%cal Bg2g4,Bg4g5,Bg5g6,Bg6g7][%mdl 32] And now Bf6 would win. White is more active.} b5 48. Rd4+ Kc6 49. Bd2 Rd5 {[%emt 0:04:15] This move loses the game for Black.} (49... Re5 $16 {was worth a try.} 50. g5 a6) 50. Rxd5 $18 Kxd5 {[%emt 0:00:02] KB-KN} 51. g5 Ne5 52. Bc3 {[%emt 0:00:00] Bxe5 is the strong threat.} Nc6 (52... Ng6 53. Ka3 Kc6) 53. g6 {[%emt 0:00:00] aiming for Bf6. White is clearly winning.} Ke6 {[%emt 0:01:21] Prevents Bf6.} 54. g7 Kf7 55. Bf6 a6 {[%emt 0:02:47] [#]} (55... b4 $142 56. Kc1 a6) 56. c4 $1 {[%emt 0:00:00] Weighted Error Value: White=0.05 (flawless) /Black=0.20 (precise)} 1-0

[Event "FRA-ch Teams Top 16-A 2022"]
[Site "Chartres"]
[Date "2022.06.15"]
[Round "7.29"]
[White "Baillon, Olivier"]
[Black "Flom, Gabriel"]
[Result "0-1"]
[ECO "A48"]
[WhiteElo "2197"]
[BlackElo "2442"]
[Annotator "TA"]
[PlyCount "76"]
[EventDate "2022.06.09"]
[EventType "team-tourn"]
[EventCountry "FRA"]
[SourceTitle "playchess.com"]
[Source "ChessBase"]
[SourceQuality "1"]
[TimeControl "40/5400+30:1800+30"]

1. Nf3 g6 2. d4 Nf6 3. b3 Bg7 4. Bb2 O-O 5. g3 d5 6. Bg2 Bg4 {[%emt 0:02:15][%cal Oc7c5] A48: 1 d4 Nf6 2 Nf3 g6: Torre, London and Colle Systems.} 7. Nbd2 c6 8. c4 {[%emt 0:02:04] [#]} h6 $146 {[%emt 0:00:50] The position is equal.} ({Predecessor:} 8... Bxf3 9. Bxf3 e6 10. O-O Nbd7 11. Qc2 Qe7 12. Rfe1 Rfd8 13. e4 dxe4 14. Nxe4 Nxe4 15. Rxe4 Nf6 16. Re2 Qc7 17. Rae1 Rd7 18. Bc3 Rad8 {0-1 (60) Xu,M (2305)-Lin,C (2526) China 2016}) 9. Ne5 Bf5 10. f3 Nfd7 11. Nxd7 (11. f4 $14) 11... Qxd7 12. O-O Bh3 13. e4 Bxg2 14. Kxg2 dxe4 15. Nxe4 Na6 16. Qd2 (16. Qe2 $14) 16... b5 (16... f5 $11 17. Nf2 e5) 17. Rfd1 bxc4 18. bxc4 Rab8 19. Ba3 {[%emt 0:06:37] Prevents c5.} f5 20. Nc5 Nxc5 21. Bxc5 Rb7 22. Qe2 Rfb8 23. Rd2 Bf6 24. Re1 Kf7 25. f4 h5 26. h4 a5 (26... Rb1 $11) 27. Qe3 ({White should try} 27. Qd3 $1 $14) 27... Rb1 $11 28. Rxb1 Rxb1 29. Qd3 Re1 30. d5 (30. Rd1 $11 {keeps the balance.} Qe6 31. Rxe1 Qxe1 32. a3) 30... cxd5 $17 {[%emt 0:00:33][%cal Od5d4] Strongly threatening ...d4!} 31. Qxd5+ Qxd5+ 32. cxd5 {[%emt 0:00:05][%mdl 4096] Endgame KRB-KRB} Re4 ({Black should play} 32... Rc1 $17 33. Bb6 a4) 33. Kf3 Rc4 34. Bb6 Rc3+ 35. Kf2 a4 36. Ba5 (36. Be3 $15) 36... Rc4 37. a3 (37. Bb6 $17) 37... Bd4+ $19 38. Ke2 {[%emt 0:03:30] [#] Kd3 is the strong threat.} Bc5 $1 {[%emt 0:00:06] Weighted Error Value: White=0.27 (precise) /Black=0.16 (very precise)} 0-1

[Event "FRA-ch Teams Top 16-A 2022"]
[Site "Chartres"]
[Date "2022.06.15"]
[Round "7.30"]
[White "Shchekachev, Andrei"]
[Black "Mendeiros, Jerome"]
[Result "1-0"]
[ECO "D45"]
[WhiteElo "2508"]
[BlackElo "2097"]
[Annotator "TA"]
[PlyCount "69"]
[EventDate "2022.06.09"]
[EventType "team-tourn"]
[EventCountry "FRA"]
[SourceTitle "playchess.com"]
[Source "ChessBase"]
[SourceQuality "1"]
[TimeControl "40/5400+30:1800+30"]

1. Nf3 d5 2. d4 Nf6 3. c4 c6 4. Nc3 e6 5. e3 Nbd7 6. Be2 Bd6 7. O-O O-O 8. b3 b6 {[%emt 0:01:41] D45: Semi-Slav: 5 e3.} 9. Bb2 Bb7 10. Bd3 Qe7 {[%emt 0:05:38] The position is equal.} 11. Re1 Rfe8 12. a4 a5 13. Qc2 {[%emt 0:12:14] [#]} Bb4 $146 ({Predecessor:} 13... e5 14. dxe5 Nxe5 15. Nxe5 Qxe5 16. g3 dxc4 17. bxc4 Qe7 18. Ne2 Bb4 19. Red1 g6 20. Nf4 Rad8 21. h3 c5 22. Rac1 Rd6 23. Bf1 Red8 24. Bxf6 Qxf6 25. Rxd6 Rxd6 26. Rd1 {½-½ (26) Baciak,M (2240)-Bolignano,G (2316) ICCF email 2018}) 14. Red1 Rac8 15. Qe2 g6 16. e4 dxe4 17. Nxe4 Nxe4 18. Bxe4 Qf8 (18... f5 $5 19. Bc2 Rcd8 $11) 19. Ne5 Red8 (19... Nxe5 $1 $11 {keeps the balance.} 20. dxe5 Red8) 20. h4 (20. f4 $16) 20... Be7 21. g3 Ba8 22. Bf3 {[%emt 0:09:53] [#] Black must now prevent d5. White is much more active.} Bf6 23. c5 Nxe5 ({Black should try} 23... Bxe5 $14 24. dxe5 Nxc5) 24. dxe5 $16 Be7 (24... Bg7 $16) 25. cxb6 $18 {[%emt 0:02:06] Threatens to win with Bc3.} Bc5 26. Qa6 $36 {[%emt 0:02:09][%mdl 2048] [#] And now b7 would win. White is in control.} Rb8 {[%emt 0:00:20] Prevents b7.} 27. Qxa5 {[%emt 0:00:59] aiming for Rxd8.} Bxb6 28. Qc3 Qc5 29. Rxd8+ Rxd8 30. Qxc5 Bxc5 31. Rc1 Bxf2+ (31... Bb6 {is a better defense.}) 32. Kxf2 {[%emt 0:00:06] White is clearly winning.} Rd2+ 33. Ke3 Rxb2 34. Rc3 Kf8 35. Kd4 {[%emt 0:01:03] Weighted Error Value: White=0.09 (flawless) /Black=0.29 (precise)} 1-0

[Event "FRA-ch Teams Top 16-A 2022"]
[Site "Chartres"]
[Date "2022.06.15"]
[Round "7.31"]
[White "Hirth, Julien"]
[Black "Mekhane, Adam"]
[Result "0-1"]
[ECO "B22"]
[WhiteElo "2072"]
[BlackElo "2276"]
[Annotator "NA RC"]
[PlyCount "71"]
[EventDate "2022.06.09"]
[EventType "team-tourn"]
[EventCountry "FRA"]
[SourceTitle "playchess.com"]
[Source "ChessBase"]
[SourceQuality "1"]
[TimeControl "40/5400+30:1800+30"]

1. e4 c5 2. c3 d5 3. exd5 Nf6 4. Qa4+ Nbd7 5. Qb3 g6 6. Nf3 Bg7 7. Be2 O-O 8. O-O Re8 9. d4 cxd4 10. Nxd4 Nb6 11. Bf3 Nfxd5 12. Rd1 e5 13. Nb5 e4 14. Be2 a6 15. N5a3 Qc7 16. c4 Nf6 17. c5 Nbd7 18. Bc4 Nxc5 19. Qc2 Ng4 20. g3 Ne5 21. Be3 Bg4 22. Rd5 Ne6 23. Nd2 Nxc4 24. Qxc4 Bxb2 25. Rb1 Bxa3 26. Qb3 Be7 27. Nxe4 b5 28. Rc1 Qb7 29. Nd6 Bxd6 30. Rxd6 Bh3 31. f3 Qxf3 32. Rd2 Rac8 33. Rcd1 Red8 34. Rxd8+ Rxd8 35. Rxd8+ Nxd8 36. Bc1 0-1

[Event "FRA-ch Teams Top 16-A 2022"]
[Site "Chartres"]
[Date "2022.06.15"]
[Round "7.32"]
[White "Aflalo, Sophie"]
[Black "Auvray, Juliette"]
[Result "1-0"]
[ECO "B31"]
[WhiteElo "2152"]
[BlackElo "1970"]
[Annotator "NA RC"]
[PlyCount "77"]
[EventDate "2022.06.09"]
[EventType "team-tourn"]
[EventCountry "FRA"]
[SourceTitle "playchess.com"]
[Source "ChessBase"]
[SourceQuality "1"]
[TimeControl "40/5400+30:1800+30"]

1. e4 c5 2. Be2 Nc6 3. f4 g6 4. d3 Bg7 5. c3 e6 6. Nf3 Nge7 7. O-O d5 8. Qe1 b6 9. Nbd2 Ba6 10. Ng5 h6 11. Nh3 O-O 12. Nf3 Qd7 13. Nf2 f5 14. Bd2 Rad8 15. Rd1 Qc7 16. e5 d4 17. c4 Bb7 18. Rb1 Rb8 19. Nh3 Nd8 20. b4 Nf7 21. Qc1 Ba8 22. Qa3 Rfc8 23. Be1 Bxf3 24. Bxf3 g5 25. Bh5 gxf4 26. Nxf4 Nd8 27. bxc5 bxc5 28. Ba5 Qxe5 29. Rbe1 Qf6 30. Bxd8 Rxd8 31. Nxe6 Rdc8 32. Qxa7 Rb2 33. Bf3 Ng6 34. Bd5 Kh7 35. Rxf5 Rxa2 36. Qb7 Rb8 37. Qc7 Rc8 38. Qxc8 Qxf5 39. Ng5+ 1-0